3A
HAMMOND HERONS @ BELLEVILLE BULLS
06/23/2027
 
TOP OF THE 1ST
Hammond Herons batting - Pitching for Belleville Bulls : RHP Manny Castro
Pitching: RHP Manny Castro
Batting: LHB Wilson López 0-0: Ball
1-0: Foul Ball, location: 2F
1-1: Ball
2-1: SINGLE (Flyball, 78S)
Batting: RHB Sixto Estrada 0-0: Called Strike
0-1: Ball
1-1: Ball
2-1: SINGLE (Line Drive, 89M)
Wilson López to second
Batting: LHB Alfred Miles 0-0: Called Strike
0-1: Called Strike
0-2: Strikes out looking
Batting: RHB Fernando Martínez 0-0: Called Strike
0-1: Ball
1-1: Ball
2-1: Fly out, F8 (Flyball, 8LM)
Batting: RHB David Meléndez 0-0: Swinging Strike
0-1: Swinging Strike
0-2: Ball
1-2: Strikes out looking
Top of the 1st over - 0 run(s), 2 hit(s), 0 error(s), 2 left on base; Hammond 0 - Belleville 0
BOTTOM OF THE 1ST
Belleville Bulls batting - Pitching for Hammond Herons : RHP Gregory Bahena
Pitching: RHP Gregory Bahena
Batting: RHB Vicente Mena 0-0: Ball
1-0: Called Strike
1-1: Called Strike
1-2: Foul Ball, location: 2F
1-2: Ground out 6-3 (Groundball, 6)
Batting: LHB José Gómez 0-0: Foul Ball, location: 2F
0-1: Foul Ball, location: 2F
0-2: SINGLE (Groundball, 4D)
Batting: RHB Mike Jennings 0-0: Ball
1-0: Ball
2-0: Foul Ball, location: 2F
2-1: Foul Ball, location: 2F
2-2: Ball
3-2: Base on Balls
José Gómez to second
Batting: RHB Ron Bernard 0-0: Ball
1-0: Called Strike
1-1: SINGLE (Groundball, 6MD)
José Gómez to third
Mike Jennings to second
Runner from 3rd tries for Home, SAFE, throw made home
Mike Jennings to third
Ron Bernard to second
Batting: RHB Alejandro Serrato 0-0: Ground out 1-3 (Groundball, 13S)
Batting: LHB Ken Stroud 0-0: Called Strike
0-1: Foul Ball, location: 2F
0-2: Ball
1-2: Foul Ball, location: 2F
1-2: Ball
2-2: SINGLE (Flyball, 8RS)
Mike Jennings scores
Ron Bernard to third
Runner from 3rd tries for Home, SAFE, no throw
Batting: RHB Ramón Padrón 0-0: Ball
1-0: Ball
2-0: Foul Ball, location: 2F
2-1: SINGLE (Groundball, 56D)
Ken Stroud to second
Batting: RHB Dean Summers 0-0: Ball
1-0: Called Strike
1-1: Ball
2-1: Ball
3-1: Swinging Strike
3-2: Strikes out swinging
Bottom of the 1st over - 3 run(s), 4 hit(s), 0 error(s), 2 left on base; Hammond 0 - Belleville 3
TOP OF THE 2ND
Hammond Herons batting - Pitching for Belleville Bulls : RHP Manny Castro
Batting: RHB Gomez Talone 0-0: Ground out 5-3 (Groundball, 56S)
Batting: RHB José Chávez 0-0: Called Strike
0-1: Foul Ball, location: 2F
0-2: Strikes out swinging, 2-3 out at first.
Batting: LHB Rubén Aracil 0-0: Ball
1-0: Called Strike
1-1: Ball
2-1: Foul Ball, location: 2F
2-2: SINGLE (Flyball, 9LM)
Batting: LHB Alexis Raimbault 0-0: Called Strike
0-1: Swinging Strike
0-2: Ball
1-2: Ball
2-2: Strikes out swinging
Top of the 2nd over - 0 run(s), 1 hit(s), 0 error(s), 1 left on base; Hammond 0 - Belleville 3
BOTTOM OF THE 2ND
Belleville Bulls batting - Pitching for Hammond Herons : RHP Gregory Bahena
Batting: LHB Alan Shaw 0-0: Swinging Strike
0-1: Called Strike
0-2: Ball
1-2: Ball
2-2: Strikes out swinging
Batting: RHB Vicente Mena 0-0: Ball
1-0: Called Strike
1-1: Ball
2-1: Ball
3-1: Ground out 6-3 (Groundball, 6)
Batting: LHB José Gómez 0-0: Foul Ball, location: 2F
0-1: Fly out, F2 (Popup, 3S)
Bottom of the 2nd over - 0 run(s), 0 hit(s), 0 error(s), 0 left on base; Hammond 0 - Belleville 3
TOP OF THE 3RD
Hammond Herons batting - Pitching for Belleville Bulls : RHP Manny Castro
Batting: LHB Wilson López 0-0: Ground out 6-3 (Groundball, 6MD)
Batting: RHB Sixto Estrada 0-0: Called Strike
0-1: Ball
1-1: Ball
2-1: Swinging Strike
2-2: Foul Ball, location: 2F
2-2: Foul Ball, location: 2F
2-2: Strikes out swinging
Batting: LHB Alfred Miles 0-0: Called Strike
0-1: Swinging Strike
0-2: Ball
1-2: Ball
2-2: Foul Ball, location: 2F
2-2: Ball
3-2: Strikes out swinging
Top of the 3rd over - 0 run(s), 0 hit(s), 0 error(s), 0 left on base; Hammond 0 - Belleville 3
BOTTOM OF THE 3RD
Belleville Bulls batting - Pitching for Hammond Herons : RHP Gregory Bahena
Batting: RHB Mike Jennings 0-0: Called Strike
0-1: Ball
1-1: Ball
2-1: Ground out 5-3 (Groundball, 56S)
Batting: RHB Ron Bernard 0-0: Ball
1-0: Ball
2-0: SINGLE (Groundball, 6MD)
Batting: RHB Alejandro Serrato 0-0: Ball
1-0: Ball
2-0: Foul Ball, location: 2F
2-1: Ball
3-1: Called Strike
3-2: Fly out, F3 (Line Drive, 34)
Lined into DP, U3 (Line Drive, 34)
Bottom of the 3rd over - 0 run(s), 1 hit(s), 0 error(s), 0 left on base; Hammond 0 - Belleville 3
TOP OF THE 4TH
Hammond Herons batting - Pitching for Belleville Bulls : RHP Manny Castro
Batting: RHB Fernando Martínez 0-0: Ball
1-0: Called Strike
1-1: Foul Ball, location: 2F
1-2: Foul Ball, location: 2F
1-2: Ball
2-2: Ball
3-2: Fly out, F8 (Flyball, 8LM)
Batting: RHB David Meléndez 0-0: Ball
1-0: SINGLE (Groundball, 56D)
Batting: RHB Gomez Talone 0-0: Foul Ball, location: 2F
0-1: Ball
1-1: Called Strike
1-2: Strikes out swinging
Batting: RHB José Chávez 0-0: Ball
1-0: Called Strike
1-1: Ball
2-1: DOUBLE (Line Drive, 7LM)
David Meléndez to third
Batting: LHB Rubén Aracil 0-0: Ground out 4-3 (Groundball, 4S)
Top of the 4th over - 0 run(s), 2 hit(s), 0 error(s), 2 left on base; Hammond 0 - Belleville 3
BOTTOM OF THE 4TH
Belleville Bulls batting - Pitching for Hammond Herons : RHP Gregory Bahena
Batting: LHB Ken Stroud 0-0: Called Strike
0-1: Swinging Strike
0-2: Ball
1-2: Strikes out swinging
Batting: RHB Ramón Padrón 0-0: Ball
1-0: Called Strike
1-1: Swinging Strike
1-2: Fly out, F7 (Flyball, 78M)
Batting: RHB Dean Summers 0-0: Called Strike
0-1: Called Strike
0-2: Ball
1-2: Strikes out swinging
Bottom of the 4th over - 0 run(s), 0 hit(s), 0 error(s), 0 left on base; Hammond 0 - Belleville 3
TOP OF THE 5TH
Hammond Herons batting - Pitching for Belleville Bulls : RHP Manny Castro
Batting: LHB Alexis Raimbault 0-0: Called Strike
0-1: Single, Error in OF, E7, batter to second base
Batting: LHB Wilson López 0-0: Called Strike
0-1: Foul Ball, location: 2F
0-2: Fly out, F9 (Flyball, 9S)
Batting: RHB Sixto Estrada 0-0: Ball
1-0: Ball
2-0: Fly out, F6 (Line Drive, 6)
Batting: LHB Alfred Miles 0-0: Ball
1-0: Ball
2-0: Ball
3-0: Called Strike
3-1: SINGLE (Flyball, 7LS)
Alexis Raimbault to third
Runner from 3rd tries for Home, SAFE, no throw
Batting: RHB Fernando Martínez 0-0: Ball
1-0: Called Strike
1-1: Ball
2-1: Ball
3-1: Foul Ball, location: 2F
3-2: Fly out, F8 (Flyball, 78D)
Top of the 5th over - 1 run(s), 2 hit(s), 1 error(s), 1 left on base; Hammond 1 - Belleville 3
BOTTOM OF THE 5TH
Belleville Bulls batting - Pitching for Hammond Herons : RHP Gregory Bahena
Batting: LHB Alan Shaw 0-0: Foul Ball, location: 2F
0-1: Ball
1-1: Fly out, F7 (Flyball, 7LM)
Batting: RHB Vicente Mena 0-0: Ball
1-0: SINGLE (Groundball, 4D)
Batting: LHB José Gómez 0-0: Called Strike
0-1: Ball
1-1: Ball
2-1: Called Strike
2-2: Foul Ball, location: 2F
2-2: Ball
3-2: Strikes out swinging
Vicente Mena steals 2nd base
Batter strikes out.
Batting: RHB Mike Jennings 0-0: Called Strike
Vicente Mena steals 3rd base
0-1: Swinging Strike
0-2: SINGLE (Line Drive, 56D)
Vicente Mena scores
Batting: RHB Ron Bernard 0-0: Called Strike
0-1: Ball
1-1: Called Strike
1-2: Foul Ball, location: 2F
1-2: Foul Ball, location: 2F
1-2: Strikes out swinging
Bottom of the 5th over - 1 run(s), 2 hit(s), 0 error(s), 1 left on base; Hammond 1 - Belleville 4
TOP OF THE 6TH
Hammond Herons batting - Pitching for Belleville Bulls : RHP Manny Castro
Batting: RHB David Meléndez 0-0: Swinging Strike
0-1: Ball
1-1: SINGLE (Groundball, 56S) (infield hit)
Batting: RHB Gomez Talone 0-0: Called Strike
0-1: Fly out, F8 (Flyball, 8RM)
Batting: RHB José Chávez 0-0: Ball
1-0: Foul Ball, location: 2F
1-1: Swinging Strike
1-2: Strikes out swinging
Batting: LHB Rubén Aracil 0-0: Ball
1-0: Ball
2-0: Called Strike
2-1: Ground out 4-3 (Groundball, 4MD)
Top of the 6th over - 0 run(s), 1 hit(s), 0 error(s), 1 left on base; Hammond 1 - Belleville 4
BOTTOM OF THE 6TH
Belleville Bulls batting - Pitching for Hammond Herons : RHP Gregory Bahena
Batting: RHB Alejandro Serrato 0-0: Fly out, F9 (Line Drive, 9LM)
Batting: LHB Ken Stroud 0-0: Called Strike
0-1: Ball
1-1: Ground out U3 (Groundball, 3)
Batting: RHB Ramón Padrón 0-0: Swinging Strike
0-1: Foul Ball, location: 2F
0-2: Ball
1-2: Strikes out swinging
Bottom of the 6th over - 0 run(s), 0 hit(s), 0 error(s), 0 left on base; Hammond 1 - Belleville 4
TOP OF THE 7TH
Hammond Herons batting - Pitching for Belleville Bulls : RHP Manny Castro
Batting: LHB Alexis Raimbault 0-0: Ball
1-0: Ball
2-0: Ball
3-0: Called Strike
3-1: Base on Balls
Batting: LHB Wilson López 0-0: Fly out, F5 (Popup, 5D)
Batting: RHB Sixto Estrada 0-0: Swinging Strike
0-1: Ball
1-1: Ball
2-1: Swinging Strike
2-2: Foul Ball, location: 2F
2-2: Ball
Alexis Raimbault steals 2nd base
3-2: Base on Balls
Pitching: RHP Ray Goolsby
Batting: LHB Alfred Miles 0-0: Ball
Alexis Raimbault steals 3rd base
Sixto Estrada to second
1-0: Ball
2-0: Foul Ball, location: 2F
2-1: Foul Ball, location: 2F
2-2: Ball
3-2: Base on Balls
Batting: RHB Fernando Martínez 0-0: Ball
1-0: Fly out, F7 (Flyball, 7)
Runner from 3rd tags up, SCORES, no throw
Pinch Hitting: RHB Éric Leroux 0-0: Foul Ball, location: 2F
0-1: Foul Ball, location: 2F
0-2: Ball
1-2: Ball
2-2: Fly out, F5 (Line Drive, 56D)
Top of the 7th over - 1 run(s), 0 hit(s), 0 error(s), 2 left on base; Hammond 2 - Belleville 4
BOTTOM OF THE 7TH
Belleville Bulls batting - Pitching for Hammond Herons : RHP Gregory Bahena
Now at SS: Éric Leroux
Batting: RHB Dean Summers 0-0: Called Strike
0-1: Foul Ball, location: 2F
0-2: Strikes out looking
Batting: LHB Alan Shaw 0-0: Called Strike
0-1: Ball
1-1: Ground out U3 (Groundball, 34S)
Batting: RHB Vicente Mena 0-0: Called Strike
0-1: Ball
1-1: Ball
2-1: Foul Ball, location: 2F
2-2: Strikes out swinging
Bottom of the 7th over - 0 run(s), 0 hit(s), 0 error(s), 0 left on base; Hammond 2 - Belleville 4
TOP OF THE 8TH
Hammond Herons batting - Pitching for Belleville Bulls : RHP Ray Goolsby
Batting: RHB Gomez Talone 0-0: Called Strike
0-1: Ball
1-1: Called Strike
1-2: Ball
2-2: Fly out, F9 (Flyball, 9LM)
Batting: RHB José Chávez 0-0: Ball
1-0: Fly out, F9 (Flyball, 89M)
Batting: LHB Rubén Aracil 0-0: Ball
1-0: Called Strike
1-1: Ball
2-1: Foul Ball, location: 2F
2-2: Foul Ball, location: 2F
2-2: Ground out 4-3 (Groundball, 34)
Top of the 8th over - 0 run(s), 0 hit(s), 0 error(s), 0 left on base; Hammond 2 - Belleville 4
BOTTOM OF THE 8TH
Belleville Bulls batting - Pitching for Hammond Herons : RHP Gregory Bahena
Pitching: RHP Ernest Hawks
Batting: LHB José Gómez 0-0: Called Strike
0-1: Ground out 6-3 (Groundball, 6MD)
Batting: RHB Mike Jennings 0-0: Ball
1-0: Ball
2-0: SINGLE (Line Drive, 9LS)
Batting: RHB Ron Bernard 0-0: Ball
1-0: Foul Ball, location: 2F
1-1: Ball
2-1: Fly out, F7 (Line Drive, 78M)
Batting: RHB Alejandro Serrato 0-0: Foul Ball, location: 2F
Pickoff Throw to First - Out!
Bottom of the 8th over - 0 run(s), 1 hit(s), 0 error(s), 0 left on base; Hammond 2 - Belleville 4
TOP OF THE 9TH
Hammond Herons batting - Pitching for Belleville Bulls : RHP Ray Goolsby
Pitching: RHP Shackleford Stanwick
Batting: LHB Alexis Raimbault 0-0: Called Strike
0-1: Called Strike
0-2: Strikes out looking
Batting: LHB Wilson López 0-0: Fly out, F9 (Flyball, 9D)
Batting: RHB Sixto Estrada 0-0: Called Strike
0-1: Foul Ball, location: 2F
0-2: Ball
1-2: Foul Ball, location: 2F
1-2: Ball
2-2: Strikes out swinging
Top of the 9th over - 0 run(s), 0 hit(s), 0 error(s), 0 left on base; Hammond 2 - Belleville 4
Saturday, May 26th, 2018 - OOTP Baseball 17.12 Build 75